cohdb
Replays
Latest Replays
All Replays
Popular Replays
Top Player Replays
Match Explorer
How It Works
Community
CoH3 Stats
Reddit
Sign in to upload your games and track your stats! →
Sign in with Steam
Match 43662822
Unlisted
Match 43662822
Overview
Messages
Build Orders
End
Kradschützen Motorcycle Team
250 Light Carrier
Panzergrenadier Squad
Panzergrenadier Squad
Construct Light Support Kompanie
Fire Support Elements
Panzerpioneer Squad
Flakvierling Half-track
Assault Mechanized Group
Selects Panzerjäger Kommand Battlegroup
Selects Mine Fields
Selects Defensive Positions
2.5-tonne Medical Truck
Kradschützen Motorcycle Team
Selects Butterfly Bomb Drop
Panzerjäger Squad
Kradschützen Motorcycle Team
Selects Tank Busters
Selects Crew Shock Tactics
Assault Grenadier Squad
Construct Panzerarmee Kommand
Butterfly Bomb Drop
Vehicle Survival Package
Panzer III L Medium Tank
Panzer III L Medium Tank
Butterfly Bomb Drop
Selects Anti-tank Overwatch
Emergency Repair Kits
Panzer III L Medium Tank
Tungsten Core Ammunition
Anti-tank Overwatch
Panzer III L Medium Tank
Advanced Field Repairs
Panzer III L Medium Tank
Panzer III L Medium Tank
☾MENTAL✧B☈EAKDANCE☽™
WarmHeadGaming.Job
ConcernedApe
Barry Chuckle
0
0
Comments
sign in to comment!
No comments posted yet!